 Dungeon Crawl Stone Soup version 0.30-a0-1053-gbd8d5ba0ad (webtiles) character file.

Game seed: 14983143357359922243

100326 freelancePsychic the Stormcaller (level 16, -6/108 HPs)
             Began as a Tengu Enchanter on Apr 11, 2023.
             Was a High Priest of Vehumet.
             Mangled by a caustic shrike simulacrum (28 damage)
             ... summoned by an orange crystal statue
             ... in an ice cave.
             The game lasted 00:57:36 (27718 turns).

freelancePsychic the Stormcaller (Tengu Enchanter) Turns: 27718, Time: 00:57:37

Health: -6/108     AC: 10    Str:  8      XL:     16   Next: 27%
Magic:  1/26       EV: 32    Int: 28 (30) God:    Vehumet [*****.]
Gold:   1813       SH:  7    Dex: 23      Spells: 5/27 levels left

rFire   + + +      SeeInvis .    c - staff of air "Uprevax" {rElec rF+ Str-4 Int+2}
rCold   . . .      Faith    .    a - +1 buckler {rN+}
rNeg    + . .      Spirit   .    P - +0 troll leather armour
rPois   .          Reflect  .    (helmet restricted)
rElec   +          Rampage  .    N - +2 cloak {rF+}
rCorr   .                        J - +2 pair of gloves
Will    +....                    (boots unavailable)
Stlth   ++                       Q - amulet of Zamaxor {RegenMP rF+ Str+2 Dex+8 Stlth-}
HPRegen 1.18/turn                F - +6 ring of intelligence
MPRegen 0.60/turn                C - +5 ring of evasion

@: flying quickly and evasively, quick
A: beak, talons 3, nimble flight
a: Renounce Religion


You were in an ice cave.
You worshipped Vehumet.
Vehumet was extremely pleased with you.
You visited 4 branches of the dungeon, and saw 23 of its levels.
You also visited: Ossuary, Ice Cave and Volcano.

You collected 2578 gold pieces.
You spent 765 gold pieces at shops.

Inventory:

Armour
 a - a +1 buckler of positive energy (worn)
 w - +0 steam dragon scales
 J - a +2 pair of gloves (worn)
 N - a +2 cloak of fire resistance (worn)
 P - a +0 troll leather armour (worn)
 W - a +0 pair of gloves
Magical Staves
 c - the staff of air "Uprevax" (weapon) {rElec rF+ Str-4 Int+2}
   (You found it on level 14 of the Dungeon)

   [staff of air]

   Base accuracy: +5 Base damage: 5 Base attack delay: 1.2 This weapon's minimum
   attack delay (0.6) is reached at skill level 12.
   Str:       It affects your strength (-4).
   Int:       It affects your intelligence (+2).
   rF:        It protects you from fire.
   rElec:     It insulates you from electricity.
   It falls into the 'Staves' category.
   It is a one-handed weapon.
Jewellery
 b - a ring of resist corrosion
 o - a ring of wizardry
 q - an amulet of the acrobat
 v - a ring of wizardry
 C - a +5 ring of evasion (right hand)
 F - a +6 ring of intelligence (left hand)
 K - a +4 ring of protection
 O - a ring of poison resistance
 Q - the amulet of Zamaxor (around neck) {RegenMP rF+ Str+2 Dex+8 Stlth-}
   (You took it off a tengu reaver on level 14 of the Dungeon)

   [amulet of magic regeneration]

   It increases your rate of magic regeneration.
   Str:       It affects your strength (+2).
   Dex:       It affects your dexterity (+8).
   rF:        It protects you from fire.
   Stlth:     It makes you less stealthy.
 V - an amulet of magic regeneration
Wands
 f - a wand of mindburst (19)
 u - a wand of flame (8)
 D - a wand of roots (10)
 H - a wand of charming (10)
 S - a wand of quicksilver (6)
 U - a wand of digging (7)
Scrolls
 d - 2 scrolls of torment
 e - 4 scrolls of teleportation {@r4}
 i - a scroll of immolation
 j - a scroll of fear
 m - 4 scrolls of vulnerability
 p - 3 scrolls of silence
 t - 4 scrolls of magic mapping
 y - 2 scrolls of amnesia
 E - a scroll of blinking
 G - 2 scrolls of brand weapon
 L - 2 scrolls of fog
 Z - 9 scrolls of identify {@r1}
Potions
 g - 2 potions of heal wounds {@q2}
 h - 3 potions of invisibility
 k - 4 potions of mutation
 l - 4 potions of attraction
 n - 9 potions of curing {@q1}
 r - 2 potions of degeneration
 s - 5 potions of might
 x - 3 potions of flight
 z - 3 potions of brilliance
 A - 5 potions of ambrosia
 B - 2 potions of magic
 I - 4 potions of lignification
 M - a potion of berserk rage
 T - 2 potions of haste {@q3}
 X - 2 potions of cancellation
 Y - a potion of resistance


   Skills:
 - Level 15.0 Fighting
 - Level 8.0 Short Blades
 - Level 15.0 Dodging
 - Level 4.4 Stealth
 - Level 5.0 Shields
 - Level 6.0 Spellcasting
 - Level 10.0 Conjurations
 - Level 2.1 Hexes
 + Level 10.8 Fire Magic
 - Level 15.0 Air Magic
 - Level 5.0 Poison Magic


You had 5 spell levels left.
You knew the following spells:

 Your Spells              Type           Power      Damage    Failure   Level
a - Airstrike             Air            47%        2d(7-23)  1%          4
b - Plasma Beam           Fire/Air       44%        2x1d63    2%          6
c - Ignite Poison         Fire/Tmut/Pois 38%        N/A       1%          3
d - Olgreb's Toxic Radia  Pois           36%        N/A       4%          4
e - Arcjolt               Conj/Air       43%        1d53      1%          5

Your spell library contained the following spells:

 Spells                   Type           Power      Damage    Failure   Level
 Freezing Cloud           Conj/Ice/Air   35%        6-21      3%          5
 Magic Dart               Conj           100%       1d8       1%          1
 Poisonous Vapours        Pois/Air       100%       N/A       1%          2
 Scorch                   Fire           100%       2d9       1%          2
 Static Discharge         Conj/Air       100%       2-7/arc   1%          2
 Dazzling Flash           Conj/Hex       84%        N/A       1%          3
 Hailstorm                Conj/Ice       36%        3d9       1%          3
 Mephitic Cloud           Conj/Pois/Air  77%        N/A       1%          3
 Stone Arrow              Conj/Erth      72%        3d11      1%          3
 Swiftness                Air            95%        N/A       1%          3
 Volatile Blastmotes      Fire/Tloc      76%        2d16      1%          3
 Flame Wave               Conj/Fire      61%        2d14      1%          4
 Fulminant Prism          Conj/Hex       21%        3d12      2%          4
 Freeze                   Ice            32%        1d5       3%          1
 Sting                    Tmut/Pois      88%        1d7       4%          1
 Iskenderun's Mystic Bla  Conj/Tloc      36%        2d9       4%          4
 Summon Lightning Spire   Summ/Air       66%        N/A       4%          4
 Frozen Ramparts          Ice            16%        1d3       9%          3
 Necrotise                Necr           32%        1d5       11%         1
 Ensorcelled Hibernation  Hex/Ice        28%        N/A       11%         2
 Irradiate                Conj/Tmut      18%        3d17      11%         5
 Confusing Touch          Hex            20%        N/A       14%         3
 Tukima's Dance           Hex            20%        N/A       14%         3
 Blink                    Tloc           16%        N/A       17%         2
 Call Imp                 Summ           16%        N/A       17%         2
 Passwall                 Tmut/Erth      6%         N/A       17%         2
 Sublimation of Blood     Necr           8%         N/A       17%         2
 Gell's Gravitas          Tloc           8%         N/A       32%         3
 Teleport Other           Tloc           8%         N/A       32%         3
 Lee's Rapid Deconstruct  Erth           4%         3d5*      58%         5
 Animate Armour           Summ/Erth      16%        N/A       73%         4
 Manifold Assault         Tloc           8%         N/A       73%         4
 Passage of Golubria      Tloc           8%         N/A       73%         4
 Petrify                  Tmut/Erth      8%         N/A       73%         4
 Borgnjor's Vile Clutch   Necr/Erth      4%         N/A       97%         5
 Storm Form               Tmut/Air       33%        N/A       99%         7
 Dispersal                Tloc           4%         N/A       100%        6
 Summon Cactus Giant      Summ           4%         N/A       100%        6
 Lehudib's Crystal Spear  Conj/Erth      18%        10d5      100%        8


Dungeon Overview and Level Annotations

Branches:
Dungeon (15/15)            Temple (1/1) D:7            Lair (5/5) D:9
 Shoals (0/4) Lair:2       Spider (0/4) Lair:3        Slime (0/5) Lair:4
    Orc (2/2) D:10            Elf (0/3) Orc:2        Vaults (0/5) D:13
 Depths (0/4) D:15        Ossuary (visited)           IceCv (1/1)
Volcano (visited)

Altars:
Ashenzari
Cheibriados
Dithmenos
Fedhas
Gozag
Hepliaklqana
Kikubaaqudgha
Makhleb
Okawaru
Qazlal
Ru
Trog
Vehumet
Wu Jian
Xom
The Shining One
Jiyva

Shops:
D:12 *   Orc:1 (   Orc:2 !=(!

Annotations:
D:3 1 runed translucent door, exclusion: door, Crazy Yiuf
D:4 Eustachio
D:9 3 runed translucent doors, exclusion: two-headed ogre, Loveship's ghost, journeyman DsCA
D:10 exclusion: downstairs IceCv exclusion: orange crystal statue


Innate Abilities, Weirdness & Mutations

You have a beak for a mouth.
You have claws for feet.
Your magical nature lets you fly swiftly and evasively.


Message History

The bolt of lightning misses the caustic shrike simulacrum.
The fiery plasma misses the caustic shrike simulacrum.
You hear a horrible gurgling sound!
The caustic shrike simulacrum claws you!
The caustic shrike simulacrum freezes you!!!
The caustic shrike simulacrum claws you!
The caustic shrike simulacrum freezes you!!
* * * LOW HITPOINT WARNING * * *
Casting: Plasma Beam (dangerous; 2% risk of failure)
Confirm with . or Enter, or press ? or * to list all spells.
You don't have enough magic to cast this spell.
Unknown command.
Unknown command.
Blink to where?
Press: ? - help, Dir - move target
As you read the scroll of blinking, it crumbles to dust.
Casting: Plasma Beam (dangerous; 2% risk of failure)
Confirm with . or Enter, or press ? or * to list all spells.
Aiming: Airstrike (safe; 1% risk of failure)
Press: ? - help, Dir - move target, f - caustic shrike simulacrum
Aim: a caustic shrike simulacrum (translocational energy, summoned, empty space bonus: 8/8)
You feel a surge of power!
The air twists around and strikes the caustic shrike simulacrum.
The caustic shrike simulacrum is lightly damaged.
Okay, then.
Really read the scroll of poison?
You can't even see any enemies this would affect.
The air fills with toxic fumes!
As you read the scroll of poison, it crumbles to dust.
Casting: Airstrike (safe; 1% risk of failure)
Confirm with . or Enter, or press ? or * to list all spells.
You ignite the poison in your surroundings!
The caustic shrike simulacrum is engulfed in blazing flames. x2
You feel much better.
The caustic shrike simulacrum is engulfed in blazing flames.
You block the caustic shrike simulacrum's attack.
The caustic shrike simulacrum is engulfed in blazing flames.
The caustic shrike simulacrum claws you!
* * * LOW HITPOINT WARNING * * *
The caustic shrike simulacrum freezes you!!
You die...

##### ####### #######
#.... #$=☼..## ##§§☼○§#
......#$.☼§○.###○○☼§☼§#
......#..☼○○○☼#§☼○○○☼☼#
..........☼.§☼○Z@§○§☼☼#
......#..○○○○☼#☼§☼☼☼§☼#
..Z.. #(.§☼§.###☼§○§○○#
#8.. #..☼..## ##○☼§§§#
### ####### #######


You could see a caustic shrike simulacrum (summoned).

Vanquished Creatures
  Jorgrun (D:12)
  Rupert (D:13)
  A tengu reaver (D:14)
  A very ugly thing (IceCv)
  Nessos (D:13)
  2 ettins (D:14)
  A fire dragon (Lair:5)
  Josephine (Lair:3)
  Fannar (Lair:3)
  6 hydras
  4 caustic shrike simulacra (IceCv)
  Erolcha (Orc:2)
  A catoblepas (Lair:5)
  An ogre mage (Orc:2)
  3 two-headed ogres
  A death knight (D:14)
  A dancing weapon (Volcano)
  4 centaur warriors
  3 boulder beetles
  2 tengu warriors
  6 death yaks (Lair:5)
  A deep troll shaman (Lair:5)
  Urug (D:13)
  Nergalle (Orc:2)
  5 skeletal warriors
  A pharaoh ant (Lair:3)
  3 skysharks
  A deep troll (shapeshifter) (D:13)
  5 wizards
  An orc knight (D:13)
  2 phantasmal warriors (D:14)
  5 deep elf pyromancers
  14 ugly things
  10 orc sorcerers
  5 cyclopes
  4 manticores
  9 elephants
  5 toenail golems (Volcano)
  3 black mambas
  A torpor snail (Lair:3)
  A merfolk siren (Lair:2)
  7 cane toads
  4 gargoyles
  9 rime drakes
  8 komodo dragons
  3 unseen horrors (D:12)
  A tengu conjurer (D:15)
  An efreet (D:13)
  2 freezing wraiths
  An anaconda simulacrum (IceCv)
  A golden dragon simulacrum (IceCv)
  A queen bee (Lair:2)
  A troll (D:14)
  A polar bear (shapeshifter) (D:13)
  4 polar bears
  7 blink frogs
  Prince Ribbit (D:7)
  9 dream sheep (Lair:5)
  A jumping spider (Lair:3)
  23 slime creatures
  Sigmund (D:2)
  5 shadows
  25 yaks
  A water elemental (D:14)
  3 wraiths
  3 dire elephant simulacra (IceCv)
  4 basilisks
  3 wyverns
  16 humans (D:13)
  3 redbacks (Lair:3)
  12 steam dragons
  3 vampire mosquitoes (D:13)
  2 harpy simulacra (IceCv)
  2 wargs
  An acid dragon (D:13)
  10 water moccasins
  Pargi (D:4)
  An ice beast (D:8)
  9 orc warriors
  2 hell hounds (Lair:1)
  2 sky beasts
  2 hornet zombies (Ossuary)
  2 alligator simulacra (IceCv)
  3 ogres
  25 wolves
  4 centaurs
  2 earth elementals (D:12)
  5 bullfrogs
  4 scorpions
  3 gnoll sergeants
  2 water moccasin zombies (Ossuary)
  2 lindwurm simulacra (IceCv)
  33 killer bees
  7 howler monkeys
  7 electric eels
  4 bullfrog zombies (Ossuary)
  6 centaur zombies (Ossuary)
  3 jellies
  8 orc priests
  A gnoll bouda (D:9)
  3 hounds (D:6)
  3 sleepcaps
  4 iguanas
  37 orc wizards
  A killer bee zombie (Ossuary)
  13 mummies (Ossuary)
  2 howler monkey zombies (Ossuary)
  21 gnolls
  9 adders
  A white imp (D:8)
  2 ufetubi
  2 worms
  2 dart slugs
  59 orcs
  7 ball pythons
  5 endoplasms
  A giant cockroach (D:3)
  7 hobgoblins
  9 jackals
  2 quokkas (D:1)
  8 bats
  2 frilled lizards
  6 goblins
  5 kobolds
  5 rats
654 creatures vanquished.

Vanquished Creatures (collateral kills)
  A jelly (D:6)
1 creature vanquished.

Vanquished Creatures (others)
  59 fungi
  84 plants
  8 withered plants (Ossuary)
151 creatures vanquished.

Grand Total: 806 creatures vanquished

Notes
Turn   | Place    | Note
-------+----------+-------------------------------------------
     0 | D:1      | freelancePsychic the Tengu Enchanter began the quest for
                  | the Orb.
     0 | D:1      | Reached XP level 1. HP: 10/10 MP: 4/4
   114 | D:1      | Reached XP level 2. HP: 16/16 MP: 6/6
   561 | D:2      | Reached skill level 1 in Fighting
   587 | D:2      | Reached XP level 3. HP: 20/20 MP: 7/7
   756 | D:2      | Noticed Sigmund
   957 | D:2      | Killed Sigmund
   958 | D:2      | Reached XP level 4. HP: 21/27 MP: 8/8
   958 | D:2      | Gained mutation: Your magical nature lets you fly swiftly
                  | and evasively. [Tengu growth]
   958 | D:2      | Reached XP level 5. HP: 24/31 MP: 9/9
  1520 | D:3      | Reached XP level 6. HP: 36/36 MP: 10/10
  1683 | D:3      | Reached skill level 5 in Short Blades
  2030 | D:3      | Found a runed translucent door.
  2031 | D:3      | Noticed Crazy Yiuf
  2069 | D:4      | Noticed Eustachio
  2600 | D:4      | Noticed Pargi
  2610 | D:4      | Killed Pargi
  2611 | D:4      | Reached XP level 7. HP: 41/41 MP: 11/11
  2698 | D:4      | Found a stormy altar of Qazlal.
  2868 | D:4      | Found a bloodstained altar of Trog.
  2909 | D:4      | Found a burning altar of Makhleb.
  2909 | D:4      | Noticed a cacodemon
  2912 | D:4      | Noticed a neqoxec
  2912 | D:4      | Noticed a ynoxinul
  3247 | D:5      | Entered Level 5 of the Dungeon
  3293 | D:5      | Found a sacrificial altar of Ru.
  3381 | D:5      | Became a worshipper of Ru the Awakened
  3538 | D:5      | Reached skill level 1 in Conjurations
  3538 | D:5      | Reached XP level 8. HP: 48/48 MP: 12/12
  3853 | D:5      | Found a hazy altar of Hepliaklqana.
  4417 | D:6      | Reached skill level 1 in Air Magic
  5196 | D:7      | Found a staircase to the Ecumenical Temple.
  5206 | Temple   | Entered the Ecumenical Temple
  5225 | Temple   | Fell from the grace of Ru
  5225 | Temple   | Became a worshipper of Vehumet
  5260 | D:7      | Learned a level 4 spell: Airstrike
  5408 | D:7      | Found a sand-covered staircase.
  5415 | Ossuary  | Entered an ossuary
  5490 | Ossuary  | Reached skill level 5 in Fighting
  5564 | Ossuary  | Reached XP level 9. HP: 39/54 MP: 15/15
  5615 | Ossuary  | Reached * piety under Vehumet
  5615 | Ossuary  | Offered knowledge of Freeze by Vehumet.
  5772 | Ossuary  | Reached skill level 5 in Air Magic
  6375 | D:7      | Identified the +4 spear "Hetasiysk" {antimagic, Str+3
                  | Int+2}
  6392 | D:7      | Noticed Prince Ribbit
  6419 | D:7      | Killed Prince Ribbit
  6999 | D:8      | Offered knowledge of Sandblast by Vehumet.
  7006 | D:8      | Reached XP level 10. HP: 47/63 MP: 3/17
  7009 | D:8      | Reached ** piety under Vehumet
  7230 | D:8      | Found a glowing golden altar of the Shining One.
  7761 | D:9      | Found a runed translucent gate.
  7762 | D:9      | Found a runed translucent gate.
  7762 | D:9      | Noticed Loveship's ghost (journeyman DsCA)
  7763 | D:9      | Noticed an 11-headed hydra
  7787 | D:9      | Noticed a two-headed ogre
  7788 | D:9      | Noticed a gargoyle
  7809 | D:9      | Found a runed translucent gate.
  8273 | D:9      | Noticed a two-headed ogre
  8422 | D:9      | Killed a gargoyle
  8587 | D:9      | Found a staircase to the Lair.
  8787 | D:9      | Killed a two-headed ogre
  8788 | D:9      | Reached skill level 10 in Air Magic
  9142 | D:9      | Found an opulent altar of Gozag.
  9463 | D:10     | Entered Level 10 of the Dungeon
 10429 | D:10     | Noticed an eight-headed hydra
 10433 | D:10     | Killed an eight-headed hydra
 10468 | D:10     | Noticed a centaur warrior
 10666 | D:10     | Noticed an orc sorcerer
 10668 | D:10     | Killed an orc sorcerer
 10669 | D:10     | Reached XP level 11. HP: 72/72 MP: 13/18
 10710 | D:10     | Got the Incunable of Dislocation and Diablerie
 11171 | D:10     | Found a staircase to the Orcish Mines.
 11185 | D:10     | Killed a centaur warrior
 11186 | D:10     | Reached skill level 10 in Fighting
 11263 | D:10     | Reached skill level 5 in Dodging
 11327 | D:10     | Identified the +5 robe "Cuafiaz" {rPois rF- rN+ Int+7}
 11633 | D:11     | Noticed a boulder beetle
 11845 | D:10     | Upgraded the game from 0.30-a0-1043-g60ff8d5f49 to
                  | 0.30-a0-1053-gbd8d5ba0ad
 12176 | Lair:1   | Entered Level 1 of the Lair of Beasts
 12219 | Lair:1   | Found a dark tunnel.
 12310 | Volcano  | Entered a volcano
 12316 | Volcano  | Noticed a wizard
 12323 | Volcano  | Noticed a wizard
 12391 | Volcano  | Noticed a wizard
 12438 | Volcano  | Noticed a wizard
 12779 | Volcano  | Noticed a wizard
 13050 | Volcano  | Killed a wizard
 13148 | Volcano  | Killed a wizard
 13375 | Volcano  | Killed a wizard
 13483 | Volcano  | Noticed a +2 mace of flaming
 13519 | Volcano  | Killed a +2 mace of flaming
 13621 | Volcano  | Killed a wizard
 13621 | Volcano  | Offered knowledge of Ignite Poison by Vehumet.
 13697 | Volcano  | Learned a level 3 spell: Ignite Poison
 13702 | Volcano  | Learned a level 4 spell: Olgreb's Toxic Radiance
 13871 | Volcano  | Reached skill level 1 in Poison Magic
 14766 | Lair:1   | Reached XP level 12. HP: 80/80 MP: 12/19
 15295 | Lair:1   | Reached *** piety under Vehumet
 15618 | Lair:2   | Noticed a skyshark
 15623 | Lair:2   | Killed a skyshark
 15732 | Lair:2   | Reached skill level 5 in Poison Magic
 15856 | Lair:2   | Offered knowledge of Flame Wave by Vehumet.
 15868 | Lair:2   | Reached skill level 5 in Spellcasting
 16765 | Lair:2   | Found a staircase to the Shoals.
 16877 | Lair:2   | Identified the staff of cold "Gojiazur" {rC+ Int+3}
 17497 | Lair:3   | Found a shadowy altar of Dithmenos.
 17585 | Lair:3   | Noticed Fannar
 17593 | Lair:3   | Killed Fannar
 17593 | Lair:3   | Reached **** piety under Vehumet
 17740 | Lair:3   | Reached XP level 13. HP: 87/87 MP: 13/23
 17819 | Lair:3   | Noticed Josephine
 17835 | Lair:3   | Reached skill level 10 in Dodging
 18330 | Lair:3   | Offered knowledge of Fireball by Vehumet.
 18456 | Lair:3   | Found a hole to the Spider Nest.
 18793 | Lair:3   | Killed Josephine
 19458 | Lair:4   | Found a broken altar of Ashenzari.
 19610 | Lair:4   | Found a viscous altar of Jiyva.
 19616 | Lair:4   | Found a staircase to the Slime Pits.
 19948 | Lair:5   | Entered Level 5 of the Lair of Beasts
 20033 | Lair:5   | Reached ***** piety under Vehumet
 20033 | Lair:5   | Offered knowledge of Arcjolt by Vehumet.
 20040 | Lair:5   | Learned a level 5 spell: Arcjolt
 20289 | Lair:5   | Reached skill level 1 in Fire Magic
 20961 | Lair:5   | Reached XP level 14. HP: 82/95 MP: 14/24
 21266 | Lair:5   | Reached skill level 5 in Conjurations
 21484 | Lair:5   | Reached skill level 15 in Air Magic
 21837 | Lair:5   | Found the necklace of Bloodlust {Fury *Rage Will++ Int-3
                  | Slay+6}
 22091 | Orc:1    | Entered Level 1 of the Orcish Mines
 22220 | Orc:1    | Found Noethruky's Antique Weapon Emporium.
 22321 | Orc:2    | Entered Level 2 of the Orcish Mines
 22321 | Orc:2    | Found a staircase to the Elven Halls.
 22640 | Orc:2    | Offered knowledge of Plasma Beam by Vehumet.
 22661 | Orc:2    | Learned a level 6 spell: Plasma Beam
 23040 | Orc:2    | Found Norphaxui's Antique Weapon Shop.
 23109 | Orc:2    | Found a radiant altar of Vehumet.
 23110 | Orc:2    | Noticed Erolcha
 23117 | Orc:2    | Killed Erolcha
 23176 | Orc:2    | Found Jisow's Jewellery Shop.
 23181 | Orc:2    | Noticed Nergalle
 23184 | Orc:2    | Killed Nergalle
 23299 | Orc:2    | Found Gigupt's Distillery.
 23307 | Orc:2    | Bought a potion of curing for 45 gold pieces
 23307 | Orc:2    | Bought a potion of curing for 45 gold pieces
 23307 | Orc:2    | Bought a potion of heal wounds for 75 gold pieces
 23307 | Orc:2    | Bought 2 potions of cancellation for 240 gold pieces
 23307 | Orc:2    | Bought a potion of ambrosia for 120 gold pieces
 23323 | Orc:2    | Found an ancient bone altar of Kikubaaqudgha.
 23362 | Orc:2    | Found Nuimp's Distillery.
 23371 | Orc:2    | Bought a potion of resistance for 150 gold pieces
 23371 | Orc:2    | Bought 2 potions of curing for 90 gold pieces
 23827 | D:12     | Noticed Jorgrun
 23835 | D:12     | Reached skill level 5 in Fire Magic
 23835 | D:12     | Killed Jorgrun
 23836 | D:12     | Reached XP level 15. HP: 94/101 MP: 18/25
 24180 | D:12     | Found Keleson's Pet Rocks.
 24556 | D:13     | Noticed Rupert
 24556 | D:13     | Noticed Nessos
 24556 | D:13     | Found a gate to the Vaults.
 24559 | D:13     | Paralysed by Rupert for 4 turns
 24560 | D:13     | Reached skill level 15 in Fighting
 24584 | D:13     | Paralysed by Rupert for 3 turns
 24587 | D:13     | Killed Rupert
 24783 | D:13     | Killed Nessos
 24943 | D:13     | Noticed Urug
 24947 | D:13     | Killed Urug
 24984 | D:13     | Reached skill level 10 in Conjurations
 25285 | D:13     | Offered knowledge of Ozocubu's Refrigeration by Vehumet.
 25723 | D:14     | Reached skill level 1 in Shields
 27262 | D:14     | Identified the +7 halberd "Xanitiot" {speed, rElec rC+
                  | rCorr Dex-5}
 27262 | D:14     | Identified the amulet of Zamaxor {RegenMP rF+ Str+2 Dex+8
                  | Stlth-}
 27262 | D:14     | Noticed a tengu reaver
 27268 | D:14     | Killed a tengu reaver
 27269 | D:14     | Reached skill level 5 in Shields
 27269 | D:14     | Reached XP level 16. HP: 108/108 MP: 20/26
 27335 | D:14     | Identified the staff of air "Uprevax" {rElec rF+ Str-4
                  | Int+2}
 27471 | D:15     | Entered Level 15 of the Dungeon
 27528 | D:15     | Reached skill level 15 in Dodging
 27577 | D:15     | Found a frozen archway.
 27590 | IceCv    | Entered an ice cave
 27595 | IceCv    | Reached skill level 10 in Fire Magic
 27598 | IceCv    | Offered knowledge of Freezing Cloud by Vehumet.
 27718 | IceCv    | Mangled by a caustic shrike simulacrum

Illustrated notes

Levels and vault maps discovered:
D:1:      scummos_arrival_checkerplants, layout_loops_ring
D:2:      layout_rooms, serial_forest, infiniplex_forest_lined_2,
          infiniplex_forest_end_2, infiniplex_forest_end_1,
          infiniplex_forest_fountain, infiniplex_forest_straight_4,
          minmay_crystal_room, uniq_sigmund
D:3:      layout_basic, uniq_crazy_yiuf_cottage
D:4:      layout_rooms, makhleb_altar_promises_db, mainiacjoe_overflow_24_doors,
          trog_book, eino_tiny_chamber, corexii_corridor_pit, uniq_eustachio,
          uniq_pargi
D:5:      layout_loops_cross, mainiacjoe_overflow_six_doors_small,
          nicolae_hepliaklqana_hippocampus, grunt_ministairs_14
D:6:      layout_rooms
D:7:      layout_cave_pools, minmay_temple_entry_grid,
          nicolae_ossuary_entry_monument, uniq_prince_ribbit1
D:8:      layout_layer_cave, lemuel_crystal_altar, kennysheep_path_1
D:9:      layout_cave_pods, pdpol_temple_overflow_zin_treasury_gozag_greed,
          lair_entry_dummy, gammafunk_ghost_hydra_chop
D:10:     cheibrodos_wizards_tower, layout_basic, orc_0_dummy
D:11:     layout_cave_pools, serial_glass, glass_columns_a, glass_columns_a
D:12:     layout_long_grid, guppyfry_shop_earth, uniq_jorgrun
D:13:     layout_roguey, david_vaults_3, uniq_urug
D:14:     cross_vault, layout_layer_cave, minmay_misc_feat_columns
D:15:     gammafunk_enter_depths_forms, layout_cave_pools,
          evilmike_ruin_ashenzari, portal_ice_cave_entry_pillars_three,
          gammafunk_ghost_crypt, hangedman_decor_clover_reticule,
          kennysheep_inner_square
Temple:   eino_temple_water
Lair:1:   layout_gridlike, enter_volcano_3, infiniplex_staircase_pool_2,
          serial_bayou_shore_b
Lair:2:   layout_roguey, minmay_shoals_entry_lonely_mermaid, special_room
          [special_room_bee], serial_bayou_lagoon_a, grunt_megastairs_5,
          lemuel_fruit_tree
Lair:3:   layout_cave_pods, nicolae_spider_entry_lesser_pyramids, basic_altar,
          uniq_fannar, uniq_josephine
Lair:4:   layout_big_grid, minmay_slime_entry_pillars, basic_altar,
          nicolae_quartered_pool_little, uniq_nessos
Lair:5:   grunt_lair_end_beastmaster, layout_regular_city,
          bobbens_dragon_lair_wall
Orc:1:    layout_caves, serial_shops, shop
Orc:2:    kennysheep_orc_mage_school, layout_diamond_mine
IceCv:    ice_cave_statue_garden_chambered

Skill      XL: |  1  2  3  4  5  6  7  8  9 10 11 12 13 14 15 16 |
---------------+-------------------------------------------------+-----
Short Blades   | 2 4 5 6 8 |  8.0
Fighting       | 1 2 3 4 5 7 9 11 12 13 14 15 | 15.0
Stealth        | 4 |  4.4
Dodging        | 3 4 7 9 11 13 14 15 | 15.0
Conjurations   | 1 4 8 10 | 10.0
Air Magic      | 3 8 11 12 14 15 | 15.0
Spellcasting   | 3 4 6 |  6.0
Poison Magic   | 3 5 |  5.0
Fire Magic     | 3 5 8 10 | 10.8
Shields        | 5 |  5.0
Hexes          | |  2.1

Action                     |  1- 3 |  4- 6 |  7- 9 | 10-12 | 13-15 | 16-18 || total
---------------------------+-------+-------+-------+-------+-------+-------++-------
  Melee: Dagger            |    55 |   135 |   397 |    20 |       |       ||   607
         Peck              |     4 |    26 |    95 |    16 |    11 |    11 ||   163
         Kick              |    10 |    42 |   156 |    32 |    17 |     6 ||   263
         Punch             |       |     4 |     3 |     2 |       |       ||     9
         Staff             |       |       |       |    68 |    43 |    13 ||   124
   Cast: Airstrike         |       |       |    19 |   194 |   255 |     4 ||   472
         Olgreb's Toxic Ra |       |       |       |    38 |    78 |     3 ||   119
         Ignite Poison     |       |       |       |    24 |    56 |     3 ||    83
         Arcjolt           |       |       |       |       |    10 |     6 ||    16
         Plasma Beam       |       |       |       |       |    81 |    22 ||   103
  Evoke: Wand              |       |       |       |     8 |       |       ||     8
    Use: Potion            |     2 |     2 |     5 |       |     4 |     2 ||    15
         Scroll            |     1 |     8 |    10 |     9 |     8 |     4 ||    40
   Stab: Invisible         |     4 |     1 |       |       |       |       ||     5
         Sleeping          |     6 |     3 |     7 |       |       |       ||    16
         Distracted        |       |     1 |     6 |       |       |       ||     7
 Armour: Robe              |    17 |    27 |    41 |    17 |    10 |       ||   112
         Steam dragon scal |       |       |       |       |    12 |       ||    12
         Troll leather arm |       |       |       |       |     1 |     1 ||     2
  Dodge: Dodged            |    34 |    75 |   198 |   222 |   196 |    30 ||   755
  Block: Buckler           |       |       |       |       |     2 |     7 ||     9

Table legend: (Time is in decaauts)
 A = Elapsed time spent in this place.
 B = Non-inter-level travel time spent in this place.
 C = Inter-level travel time spent in this place.
 D = Time resting spent in this place.
 E = Time spent auto-exploring this place.
 F = Levels seen in this place.
 G = Mean time per level.
                   A        B        C        D        E       F      G
               +--------+--------+--------+--------+--------+-----+--------+
         Total |  26123 |  24700 |   1423 |   1802 |  18334 |  26 | 1004.7 |
       Dungeon |  14581 |  13503 |   1078 |    891 |  10122 |  15 |  972.1 |
        Temple |     33 |     10 |     23 |      0 |      4 |   1 |   33.0 |
          Lair |   7510 |   7295 |    215 |    225 |   6013 |   5 | 1502.0 |
  Orcish Mines |   1377 |   1272 |    105 |      0 |   1062 |   2 |  688.5 |
       Ossuary |    575 |    575 |      0 |     18 |    311 |   1 |  575.0 |
      Ice Cave |    125 |    125 |      0 |     63 |     22 |   1 |  125.0 |
       Volcano |   1919 |   1919 |      0 |    605 |    796 |   1 | 1919.0 |
               +--------+--------+--------+--------+--------+-----+--------+

Top non-repeatable levels by time:
     D:9: 2082 daAuts
 Volcano: 1919 daAuts
    D:10: 1880 daAuts
  Lair:5: 1826 daAuts
    D:14: 1661 daAuts
  Lair:2: 1647 daAuts
  Lair:3: 1538 daAuts
  Lair:1: 1473 daAuts
     D:8: 1150 daAuts
   Orc:2: 1145 daAuts
    D:13: 1114 daAuts
     D:3: 1090 daAuts
  Lair:4: 1024 daAuts
     D:5: 924 daAuts
     D:6: 825 daAuts
